 Dungeon Crawl Stone Soup version 0.32-a0-705-g60f233581c (webtiles) character file.

Game seed: 10542225336774123240

253 mopl the Slasher (level 6, -4/47 HPs)
             Began as a Merfolk Fighter on Mar 14, 2024.
             Slain by Natasha (6 damage)
             ... on level 3 of the Dungeon.
             The game lasted 00:02:04 (2155 turns).

mopl the Slasher (Merfolk Fighter)                  Turns: 2155, Time: 00:02:05

Health: -4/47      AC:  6    Str: 18    XL:     6   Next: 14%
Magic:  6/6        EV:  8    Int:  8    God:
Gold:   75         SH:  4    Dex: 13    Spells: 5/5 levels left

rFire   . . .        a - +0 long sword
rCold   . . .        c - +0 buckler
rNeg    + . .        b - +0 scale mail
rPois   .            (no helmet)
rElec   .            (no cloak)
rCorr   .            (no gloves)
SInv    .            (no boots)
Will    .....        (no amulet) Stlth
                     p - ring of positive energy
HPRegen 0.27/turn    (no ring)
MPRegen 0.10/turn

%: no passive effects
@: slowed, very slow
A: (nimble swimmer 2), mertail
a: no special abilities


You were on level 3 of the Dungeon.
You visited 1 branch of the dungeon, and saw 3 of its levels.

You collected 75 gold pieces.

Inventory:

Hand Weapons
 a - a +0 long sword (weapon)
Missiles
 l - 2 curare-tipped darts
 o - 4 poisoned darts (quivered)
Armour
 b - a +0 scale mail (worn)
 c - a +0 buckler (worn)
Jewellery
 g - a ring of fire
 p - a ring of positive energy (left hand)
Scrolls
 f - a scroll of immolation {unknown}
 k - 3 scrolls of fear {unknown}
 m - 2 scrolls of teleportation {unknown}
 n - a scroll of enchant armour {unknown}
 q - 2 scrolls of amnesia {unknown}
Potions
 d - a potion of might
 e - 3 potions of curing {unknown}
 h - a potion of brilliance {unknown}
 i - 2 potions of heal wounds {unknown}
 j - 3 potions of haste {unknown}
 r - a potion of degeneration {unknown}


   Skills:
 - Level 3.2 Fighting
 + Level 7.5 Long Blades
 - Level 2.1 Armour
 - Level 3.0 Shields


You had 5 spell levels left.
You didn't know any spells.
Your spell library was empty.

Dungeon Overview and Level Annotations

Branches:
Dungeon (3/15)

Altars:

Shops:
D:2 [

Annotations:
D:3 Natasha


Innate Abilities, Weirdness & Mutations

((You are very nimble when in or above water. (Stealth+, EV+, Speed+++)))
Your lower body shifts to a powerful aquatic tail in water.


Message History

The cerulean imp hits you but does no damage.
The cerulean imp barely misses you. You block Natasha's attack.
Unknown command.
You barely miss Natasha.
The cerulean imp hits you with a +2 spear.
The cerulean imp hits you from afar with a +1 spear.
The orc hits you but does no damage.
Natasha stares at you and mumbles some strange words.
You feel as though you will be slow longer.
The cerulean imp hits you but does no damage.
You hit Natasha.
Natasha is lightly wounded.
The cerulean imp hits you from afar with a +1 spear.
Natasha claws you but does no damage. The orc closely misses you.
The orc barely misses you. Something hits you but does no damage.
The cerulean imp barely misses you.
The cerulean imp hits you from afar with a +1 spear.
You block Natasha's attack. Something hits you but does no damage.
The orc closely misses you. The orc hits you with a +0 trident.
The cerulean imp misses you.
You hit Natasha.
Natasha is heavily wounded.
The cerulean imp hits you from afar with a +1 spear.
Natasha claws you.
You block the orc's attack. x2; Something hits you.
The cerulean imp hits you with a +2 spear!
* * * LOW HITPOINT WARNING * * *
The cerulean imp barely misses you. The orc closely misses you.
Something hits you but does no damage. The orc barely misses you.
Natasha claws you.
* * * LOW HITPOINT WARNING * * *
The orc hits you with a +0 trident!
* * * LOW HITPOINT WARNING * * *
You closely miss Natasha.
Natasha is moderately wounded.
The cerulean imp hits you but does no damage. x2
The orc barely misses you. The orc closely misses you.
You block the orc's attack. Something hits you but does no damage.
Natasha claws you.
You die...
Natasha curls up and begins to purr.

........####....
.................#####
....####.#####.......
.....###.###........
.............###.#.# .
..#...######.......#+#..
..#...# #..........##
..#...## #....{h......
..##...# #....@5o.....
..##...## #....oo5.....
..###...## #....##J.....
..# ##...###............
##...###...........
#...##............
##...###..........
#...#............
####...#...........


You could see Natasha, 2 cerulean imps, 3 orcs and an endoplasm.

Vanquished Creatures
  Sigmund (D:2)
  Terence (D:3)
  An adder (D:3)
  A ribbon worm (D:2)
  A dart slug (D:1)
  2 endoplasms (D:1)
  2 giant cockroaches
  6 goblins
  4 hobgoblins
  4 jackals (D:1)
  5 kobolds
  A quokka (D:1)
  9 ball pythons
  3 bats
  4 frilled lizards
  8 rats
53 creatures vanquished.

Notes
Turn   | Place    | Note
-------+----------+-------------------------------------------
     0 | D:1      | mopl the Merfolk Fighter began the quest for the Orb.
     0 | D:1      | Reached XP level 1. HP: 18/18 MP: 1/1
    75 | D:1      | Reached skill level 3 in Long Blades
   109 | D:1      | Reached XP level 2. HP: 21/24 MP: 2/2
   236 | D:1      | Reached skill level 4 in Long Blades
   245 | D:1      | Reached XP level 3. HP: 22/29 MP: 3/3
  1055 | D:2      | Found Eheogrun's Antique Armour Shop.
  1254 | D:2      | Noticed Sigmund
  1288 | D:2      | Killed Sigmund
  1289 | D:2      | Reached skill level 7 in Long Blades
  1289 | D:2      | Reached XP level 4. HP: 10/35 MP: 4/4
  1289 | D:2      | Reached XP level 5. HP: 12/41 MP: 5/5
  2009 | D:3      | Noticed Terence
  2016 | D:3      | Killed Terence
  2017 | D:3      | Reached XP level 6. HP: 37/47 MP: 6/6
  2147 | D:3      | Noticed Natasha
  2154 | D:3      | HP: 2/47 [orc/+0 trident (7)]
  2155 | D:3      | Slain by Natasha

Illustrated notes

Levels and vault maps discovered:
D:1:      sevenhm_arrival_forest_fort_small_6, layout_loops_corners
D:2:      layout_basic, serial_shops, nicolae_shop_advertising_works
          [nicolae_subvault_shop_adworks], serial_park_tiny_1, uniq_sigmund
D:3:      layout_basic, serial_curves, eino_curves_02, eino_curves_01,
          dilly_ecumenical_altar_fadedgnrine, uniq_natasha, uniq_terence

Skill      XL: |  1  2  3 |
---------------+----------+-----
Long Blades    | 3 4 7 |  7.5
Fighting       | |  3.2
Armour         | |  2.1
Shields        | |  3.0

Action                     |  1- 3 |  4- 6 || total
---------------------------+-------+-------++-------
  Melee: Long sword        |   155 |    29 ||   184
  Throw: Dart              |     6 |       ||     6
 Armour: Scale mail        |   138 |    39 ||   177
  Dodge: Dodged            |    72 |    19 ||    91
  Block: Buckler           |    39 |     9 ||    48

Table legend: (Time is in decaauts)
 A = Elapsed time spent in this place.
 B = Non-inter-level travel time spent in this place.
 C = Inter-level travel time spent in this place.
 D = Time resting spent in this place.
 E = Time spent auto-exploring this place.
 F = Levels seen in this place.
 G = Mean time per level.
                   A        B        C        D        E       F      G
               +--------+--------+--------+--------+--------+-----+--------+
         Total |   2199 |   2147 |     52 |    133 |   1597 |   3 |  733.0 |
       Dungeon |   2199 |   2147 |     52 |    133 |   1597 |   3 |  733.0 |
               +--------+--------+--------+--------+--------+-----+--------+

Top non-repeatable levels by time:
     D:2: 1041 daAuts
     D:1: 1007 daAuts
     D:3: 150 daAuts
